 Dungeon Crawl Stone Soup version 0.30-a0-743-gbfdf073431 (webtiles) character file.

Game seed: 6612389825361183167

14 cheesebisquit the Digger (level 2, 0/15 HPs)
             Began as a Gargoyle Earth Elementalist on Feb 7, 2023.
             Slain by a kobold
             ... wielding a +0 whip
              (2 damage)
             ... on level 1 of the Dungeon.
             The game lasted 00:01:08 (608 turns).

cheesebisquit the Digger (GrEE)                      Turns: 608, Time: 00:01:09

Health: 0/15       AC:  4    Str: 11    XL:     2   Next: 41%
Magic:  2/5        EV: 11    Int: 15    God:
Gold:   27         SH:  0    Dex: 10    Spells: 4/5 levels left

rFire   . . .      SeeInvis .    c - staff of air
rCold   . . .      Faith    .    (no shield)
rNeg    + . .      Spirit   .    a - +0 robe
rPois   ∞          Reflect  .    (no helmet)
rElec   +          Harm     .    (no cloak)
rCorr   .          Rampage  .    (no gloves)
Will    .....                    (no boots)
Stlth   ++                       (no amulet)
HPRegen 0.22/turn                (no ring)
MPRegen 0.09/turn                (no ring)

@: very slightly contaminated
A: sickness immunity, AC +2, negative energy resistance 1, electricity
resistance, torment resistance 1, petrification resistance
a: no special abilities


You were on level 1 of the Dungeon.
You visited 1 branch of the dungeon, and saw 1 of its levels.

You collected 27 gold pieces.

Inventory:

Armour
 a - a +0 robe (worn)
Magical Staves
 c - a staff of air (weapon)
Scrolls
 d - 2 scrolls of identify {unknown}
 f - a scroll of vulnerability {unknown}
Potions
 b - a potion of magic
 e - a potion of invisibility {unknown}


   Skills:
 + Level 0.8 Staves
 - Level 1.5 Dodging
 - Level 2.1 Stealth
 + Level 2.2 Spellcasting
 - Level 0.7 Transmutations
 + Level 3.9 Earth Magic
 + Level 0.6 Evocations


You had 4 spell levels left.
You knew the following spells:

 Your Spells              Type           Power      Damage    Failure   Level
a - Sandblast             Erth           26%        2d8       4%          1

Your spell library contained the following spells:

 Spells                   Type           Power      Damage    Failure   Level
 Passwall                 Tmut/Erth      6%         N/A       13%         2
 Stone Arrow              Conj/Erth      14%        3d7       28%         3
 Petrify                  Tmut/Erth      8%         N/A       63%         4


Dungeon Overview and Level Annotations

Branches:
Dungeon (1/15)

Altars:


Innate Abilities, Weirdness & Mutations

You are immune to sickness and miasma.
Your stone body is resilient. (AC +2)
You are immune to poison.
You resist negative energy. (rN+)
You are resistant to electric shocks. (rElec)
You are resistant to unholy torment.
You are immune to petrification.


Message History

You have reached level 2!
A hobgoblin comes into view.
The hobgoblin shouts!
The blast of sand hits the hobgoblin!
You kill the hobgoblin!
d - 2 scrolls labelled NUHYEG IGABOKLA (gained 1)
f - a scroll labelled GOHINODUFU A dart slug comes into view.
The dart slug moves out of view.
The dart slug launches a dart at you. The slug dart hits you.
The dart slug launches a dart at you. The slug dart misses you.
The blast of sand hits the dart slug!
You kill the dart slug!
A quokka comes into view.
A quokka comes into view.
The blast of sand hits the quokka!
You kill the quokka!
The blast of sand hits the quokka.
You kill the quokka!
You see here a quokka corpse.
A kobold comes into view. It is wielding a +0 whip.
The kobold shouts!
Found a stone staircase leading down.
The kobold hits you with a +0 whip.
You miscast Sandblast.
You are very lightly contaminated with residual magic.
Nothing appears to happen.
The kobold hits you with a +0 whip.
The blast of sand misses the kobold.
The kobold hits you with a +0 whip.
You are too injured to fight recklessly!
You are too injured to fight recklessly!
You hit the kobold but do no damage. The kobold hits you with a +0 whip.
* * * LOW HITPOINT WARNING * * *
You are too injured to fight recklessly!
Aiming: Sandblast (safe; 4% risk of failure)
Press: ? - help, Q - select action Shift-Dir - straight line, f/p - kobold
Aim: a kobold, wielding a +0 whip (77% to hit)
The blast of sand misses the kobold.
The kobold hits you with a +0 whip.
You die...

######## #. #....... #.
#.###### #. #.#..... #
#. #.#.#### #. #>
#.#.#... ###..#.
######.#.#.##
.......#####....#.#.#.#.
......K@......###.#.#.#.
###..#######....#.#.#.#.
# #....#'#'#'#'
#..###.#.#.#. #..#
#.#.#.#. #.†# #.#.#.##
#..# #.#.#...
#..###.#.####
#....#.#.....


You could see a kobold.

Vanquished Creatures
  A dart slug (D:1)
  A ball python (D:1)
  2 giant cockroaches (D:1)
  2 hobgoblins (D:1)
  2 quokkas (D:1)
  A frilled lizard (D:1)
  A rat (D:1)
10 creatures vanquished.

Notes
Turn   | Place    | Note
-------+----------+-------------------------------------------
     0 | D:1      | cheesebisquit the Gargoyle Earth Elementalist began the
                  | quest for the Orb.
     0 | D:1      | Reached XP level 1. HP: 10/10 MP: 3/3
   496 | D:1      | Reached XP level 2. HP: 15/15 MP: 3/5
   608 | D:1      | Slain by a kobold

Illustrated notes

Levels and vault maps discovered:
D:1:      minmay_arrival_widening_spiral_narrow, layout_loops_ring,
          minmay_misc_feat_columns, kennysheep_pointless_box

Action                     || total
---------------------------++-------
  Melee: Staff             ||     1
   Cast: Sandblast         ||    13
  Dodge: Dodged            ||     1

Table legend: (Time is in decaauts)
 A = Elapsed time spent in this place.
 B = Non-inter-level travel time spent in this place.
 C = Inter-level travel time spent in this place.
 D = Time resting spent in this place.
 E = Time spent auto-exploring this place.
 F = Levels seen in this place.
 G = Mean time per level.
                   A        B        C        D        E       F      G
               +--------+--------+--------+--------+--------+-----+--------+
         Total |    613 |    573 |     40 |      0 |    519 |   1 |  613.0 |
       Dungeon |    613 |    573 |     40 |      0 |    519 |   1 |  613.0 |
               +--------+--------+--------+--------+--------+-----+--------+

Top non-repeatable levels by time:
     D:1: 613 daAuts
